Map: Catalyst LE

Players

Juxtapose

  • Race: Terran Terran
  • League: Platinum
  • Spawn Location: 11:00

A.I. 1 (Elite) - Winner!

  • Race: Terran Terran
  • Spawn Location: 5:00

VOD

https://youtu.be/GijGCylClRg

Description

In this match, I make several errors in how I push out to engage my opponent, my tech switch, and failing to defend on my own terms.

I also far too easily allowed my opponent to out macro me.

Time

  • Played on: Feb. 26, 2018, 7:23 p.m.
  • Length: 14:31
Show
View Real Time Build Order
Export as new Build Order

Juxtapose Terran 

Build Orders: Bio Tank 

Get SALT Encoding   

  12  0:01  SCV  
  13  0:13  SCV  
  14  0:21  Supply Depot  
  14  0:25  SCV  
  15  0:43  SCV  
  15  0:46  Barracks  
  15  0:48  Supply Depot  
  16  0:55  SCV  
  17  0:59  Refinery  
  17  1:07  SCV  
  17  1:10  Refinery  
  18  1:19  SCV  
  19  1:37  Marine  
  20  1:46  Orbital Command  
  20  1:56  Barracks  
  20  2:03  Barracks Reactor  
  20  2:05  Engineering Bay  
  20  2:13  SCV, Supply Depot  
  21  2:25  SCV  
  22  2:38  SCV  
  22  2:41  Marine x2  
  22  2:44  Barracks Tech Lab  
  25  2:47  Terran Infantry Weapons Level 1  
  25  2:53  Missile Turret  
  25  3:03  Marine x2  
  25  3:04  Supply Depot  
  27  3:14  Marauder  
  27  3:16  Stimpack  
  29  3:20  SCV, Marine  
  32  3:37  Marine  
  32  3:38  Marine  
  32  3:39  Marauder  
  35  3:52  Factory  
  35  3:55  Marine  
  35  3:56  Marine  
  35  4:00  Marauder  
  39  4:13  Marine  
  39  4:14  Marine  
  41  4:21  Command Center  
  41  4:32  Marauder  
  41  4:33  Marine  
  41  4:36  Factory Tech Lab  
  44  4:43  Supply Depot  
  44  4:54  Terran Infantry Armor Level 1  
  44  5:00  Siege Tank  
  47  5:16  Combat Shields  
  47  5:21  Marauder  
  49  5:30  Marine  
  49  5:31  Marine  
  49  5:33  Siege Tank  
  54  5:46  SCV  
  55  5:51  Marine x2, Supply Depot, Marauder  
  59  5:58  SCV  
  60  6:05  Orbital Command, Siege Tank  
  60  6:10  SCV, Marine x2  
  68  6:18  Marauder  
  68  6:24  SCV  
  69  6:31  Supply Depot  
  69  6:36  SCV  
  69  6:38  SCV  
  71  6:41  Siege Tank  
  74  6:48  SCV  
  74  6:53  SCV  
  74  6:54  Marine x2, Marauder  
  79  7:00  Starport  
  79  7:01  SCV  
  81  7:08  SCV  
  82  7:10  Refinery  
  82  7:13  SCV, Marine x2, Refinery  
  85  7:20  SCV  
  86  7:33  Supply Depot  
  86  7:48  SCV x2  
  68  7:57  Starport Tech Lab  
  66  8:03  Starport  
  66  8:05  SCV x2  
  68  8:06  Marine x2  
  68  8:07  Marauder  
  68  8:09  Siege Tank  
  75  8:19  Cloaking Field  
  75  8:22  Banshee  
  75  8:24  Command Center  
  75  8:26  Marine  
  78  8:27  Marine  
  78  8:28  Marauder  
  78  8:32  Supply Depot  
  82  8:37  SCV x2  
  84  8:42  Starport Reactor  
  84  8:50  Marauder  
  86  8:56  Supply Depot  
  86  9:04  Banshee  
  89  9:15  Marine  
  89  9:16  Marine, Marauder  
  93  9:18  Siege Tank  
  93  9:21  Medivac  
  98  9:24  Medivac  
  100  9:33  Marine  
  101  9:39  Armory  
  101  9:47  Banshee  
  101  9:50  Siege Tank  
  101  9:51  Medivac  
  109  9:54  Medivac  
  86  10:07  Liberator  
  110  10:15  Marine x2  
  110  10:17  Marauder  
  110  10:21  Medivac  
  116  10:22  Siege Tank  
  121  10:30  Banshee  
  121  10:34  Liberator  
  82  10:49  Liberator  
  79  10:53  Marine x3  
  79  10:55  Siege Tank  
  88  11:11  Marine, Marauder  
  92  11:13  Banshee  
  97  11:27  Missile Turret  
  97  11:28  Marine  
  97  11:29  Marine  
  97  11:31  Siege Tank  
  96  11:33  Marauder  
  96  11:35  Liberator  
  96  11:36  Liberator  
  94  11:48  Marine x2  
  102  11:54  Marauder, Command Center  
  104  12:03  Siege Tank  
  104  12:06  Marine x2  
  109  12:24  Marine  
  109  12:27  Supply Depot  
  109  12:29  Concussive Shells  
  110  12:48  Marine x2  
  110  12:49  Marauder  
  110  12:50  Supply Depot  
  78  13:10  Marine  
  47  13:21  Orbital Command  
  47  13:26  Marine x2  
  49  13:28  Marauder, Siege Tank  
  49  13:30  Liberator, Medivac x2  
  61  13:50  Marauder  
  61  13:54  Marine x2  
  67  14:12  Marine x2  
Show
View Real Time Build Order
Export as new Build Order

A.I. 1 (Elite) Terran - Winner!

Build Orders: MMM Bio 

Get SALT Encoding   

  12  0:00  SCV  
  13  0:13  SCV  
  14  0:18  Supply Depot  
  14  0:25  SCV  
  15  0:30  Refinery  
  15  0:40  SCV  
  16  0:47  Barracks  
  16  0:52  SCV  
  17  1:04  SCV  
  17  1:07  Supply Depot  
  18  1:16  SCV  
  19  1:28  SCV  
  20  1:34  Marine  
  20  1:36  Factory  
  21  1:45  Barracks  
  21  1:46  SCV  
  22  1:52  Marine  
  23  1:58  SCV  
  24  2:03  Supply Depot  
  24  2:10  SCV, Marine  
  26  2:21  Factory Tech Lab  
  26  2:22  SCV  
  27  2:27  Marine  
  28  2:34  SCV  
  29  2:38  Marine  
  29  2:42  Siege Tank  
  33  2:47  SCV  
  34  3:09  SCV, Command Center  
  35  3:21  Orbital Command  
  35  3:22  Refinery  
  35  3:40  Marine, Factory  
  36  3:42  Marine  
  36  3:46  SCV  
  38  3:58  SCV  
  38  3:59  Supply Depot  
  39  4:21  SCV x2  
  41  4:24  Factory Tech Lab, Siege Tank  
  44  4:33  SCV x2  
  46  4:43  Siege Tank  
  46  4:44  Marine  
  46  4:45  SCV x2, Supply Depot  
  52  4:53  Supply Depot  
  52  4:57  SCV x2  
  54  5:01  Barracks Tech Lab  
  54  5:04  Marine  
  55  5:09  SCV x2  
  55  5:10  Refinery  
  55  5:12  Refinery  
  57  5:21  SCV, Stimpack, Orbital Command  
  57  5:22  Marine  
  57  5:23  Marauder  
  61  5:33  SCV  
  62  5:37  Siege Tank  
  62  5:39  Marine, Barracks  
  66  5:44  Engineering Bay, Marauder  
  66  5:45  SCV  
  66  5:49  Command Center  
  69  5:59  Barracks Tech Lab  
  69  6:05  Marine  
  70  6:11  SCV  
  70  6:12  SCV, Terran Infantry Weapons Level 1, Supply Depot  
  70  6:17  Combat Shields  
  70  6:18  Marauder  
  74  6:23  SCV  
  74  6:24  SCV, Marauder  
  78  6:27  Barracks Reactor  
  78  6:34  Engineering Bay  
  78  6:35  SCV  
  78  6:36  Supply Depot  
  78  6:37  SCV  
  78  6:39  Marauder  
  82  6:44  Marine  
  82  6:46  Missile Turret  
  83  6:47  SCV  
  83  6:50  Missile Turret  
  84  6:55  Barracks  
  84  6:57  Starport  
  84  7:00  Terran Infantry Armor Level 1, Marine  
  85  7:01  SCV  
  85  7:03  Marauder  
  85  7:04  SCV  
  85  7:07  SCV  
  90  7:14  SCV  
  91  7:16  SCV  
  91  7:18  Marauder  
  91  7:19  SCV  
  95  7:24  Marauder  
  95  7:25  Concussive Shells  
  95  7:26  SCV, Supply Depot  
  95  7:28  SCV  
  99  7:31  SCV  
  99  7:34  Starport Reactor  
  100  7:38  SCV, Missile Turret  
  100  7:40  SCV, Marauder  
  100  7:43  SCV  
  105  7:46  Marauder  
  105  7:48  Missile Turret  
  105  7:50  SCV  
  107  7:51  Supply Depot  
  107  7:52  SCV  
  107  7:53  Liberator x2  
  107  7:55  SCV  
  109  8:02  SCV  
  109  8:04  SCV  
  111  8:08  Orbital Command  
  117  8:12  Marine  
  117  8:13  Marauder  
  117  8:14  SCV  
  117  8:15  Supply Depot  
  121  8:26  Missile Turret  
  121  8:36  SCV, Marine, Siege Tank  
  121  8:37  Marauder  
  121  8:39  Supply Depot  
  128  8:44  Liberator  
  128  8:46  Starport  
  128  8:47  Marine  
  129  8:48  Siege Tank  
  129  8:50  Armory  
  129  8:52  Missile Turret  
  132  8:55  Armory  
  132  8:56  Command Center  
  132  9:01  Medivac  
  137  9:03  Supply Depot  
  137  9:12  Refinery  
  137  9:14  Missile Turret  
  137  9:15  Widow Mine  
  139  9:21  Refinery  
  139  9:22  Medivac  
  141  9:25  Widow Mine  
  141  9:27  Supply Depot  
  143  9:36  Widow Mine  
  145  9:39  Terran Infantry Weapons Level 2, Terran Vehicle Weapons Level 1  
  145  9:40  Missile Turret  
  145  9:41  Missile Turret  
  145  9:43  SCV x2, Terran Vehicle And Ship Armor Level 1  
  145  9:45  Barracks  
  147  9:46  Widow Mine  
  147  9:48  Medivac  
  147  9:50  Supply Depot  
  151  9:53  Starport Tech Lab  
  151  9:54  Hi-Sec Auto Tracking  
  151  10:05  Barracks Tech Lab  
  151  10:07  Marine  
  151  10:08  Marine  
  151  10:10  Liberator  
  151  10:12  Marine, Raven  
  156  10:17  Marine, Refinery, Planetary Fortress  
  156  10:19  Command Center, Missile Turret  
  156  10:21  Refinery, Missile Turret  
  157  10:23  Supply Depot  
  158  10:31  Marine x2  
  158  10:32  Marine x2, Viking  
  158  10:34  Marine x2  
  128  10:50  Marauder x3  
  128  10:52  Liberator  
  128  10:53  Marine  
  128  10:54  Marine x2  
  128  10:55  Viking  
  133  10:59  Siege Tank  
  133  11:02  Viking  
  138  11:05  Siege Tank  
  138  11:11  Marine, Marauder  
  147  11:13  Marauder  
  149  11:25  Raven  
  140  11:26  Marine x2  
  140  11:27  Marine  
  140  11:29  Marauder  
  140  11:32  Viking, Widow Mine, Marauder  
  138  11:34  Marine  
  138  11:35  Liberator  
  138  11:37  Siege Tank  
  133  11:41  Refinery  
  133  11:43  Marine  
  133  11:45  Marine, Liberator  
  135  11:50  Marauder, Liberator  
  135  11:52  Marauder  
  135  11:53  Siege Tank  
  147  11:54  Marauder  
  147  11:56  Planetary Fortress  
  147  11:59  Missile Turret  
  153  12:09  Missile Turret  
  153  12:12  Marine x3, Refinery  
  153  12:14  Marine  
  159  12:15  Marauder  
  159  12:19  Ghost Academy  
  159  12:29  Cloaking Field  
  159  12:30  Marine  
  159  12:31  Marine x3  
  159  12:33  Marine  
  159  12:35  Building Armor, Medivac  
  159  12:36  Marine  
  167  12:44  Command Center  
  167  12:45  Viking  
  167  12:48  Marine, Liberator  
  167  12:50  Banshee  
  175  12:51  Marauder  
  175  12:54  Ghost  
  175  12:56  SCV  
  175  12:57  Liberator  
  174  13:05  Marine  
  168  13:06  Ghost  
  168  13:08  Supply Depot  
  153  13:15  Marauder  
  155  13:23  Marine, Marauder  
  155  13:26  Command Center  
  158  13:27  Marine  
  158  13:31  Marine  
  160  13:34  Ghost  
  160  13:37  Marauder  
  160  13:41  Marine  
  165  13:44  Marauder  
  165  13:45  Marine  
  168  13:49  Marine  
  168  13:54  Supply Depot  
  172  13:57  Orbital Command  
  172  13:58  Marauder  
  174  14:03  Missile Turret  
  174  14:06  Marauder  
  178  14:10  Marine  
  178  14:12  Marine x2  
  178  14:13  Missile Turret  
Tags
 
Composition
Bio TankMMM Bio
League
Platinum
Matchup
TvT
Race
Terran
Spawn Locations
Cross Positions
Add a new tag
Caveats
  • Supply blocks, unpowered buildings, or Contaminate may cause inaccurate times.
  • Supply counts are checked every 10 seconds.